 Dungeon Crawl Stone Soup version 0.28.0-53-g5a82cb258f (webtiles) character file.

Game seed: 14916876182037357249

41 Gabide the Skirmisher (level 3, 0/29 HPs)
             Began as a Mummy Berserker on June 3, 2022.
             Was a Follower of Trog.
             Slain by a gnoll
             ... wielding a +0 halberd
              (5 damage)
             ... on level 2 of the Dungeon.
             The game lasted 00:01:53 (1442 turns).

Gabide the Skirmisher (Mummy Berserker)             Turns: 1442, Time: 00:01:54

Health: 0/29       AC:  2    Str: 22    XL:     3   Next: 32%
Magic:  3/3        EV: 12    Int:  6    God:    Trog [*.....]
Gold:   73         SH:  0    Dex: 11    Spells: 2/2 levels left

rFire   x . .      SeeInvis .   d - +0 dagger (drain)
rCold   + . .      Faith    .   (no shield)
rNeg    + + +      Spirit   .   a - +0 animal skin
rPois   ∞          Reflect  .   (no helmet)
rElec   .          Harm     .   (no cloak)
rCorr   .          Rampage  .   (no gloves)
Will    .....                   (no boots)
Stlth   +.........              (no amulet)
HPRegen 0.09/turn               (no ring)
MPRegen 0.08/turn               (no ring)

@: no status effects
A: cold resistance 1, negative energy resistance 3, torment resistance 2, heat
vulnerability 1, no potions
a: Renounce Religion


You were on level 2 of the Dungeon.
You worshipped Trog.
Trog was aware of your devotion.
You visited 1 branch of the dungeon, and saw 2 of its levels.

You collected 73 gold pieces.

Inventory:

Hand Weapons
 d - a +0 dagger of draining (weapon)
Armour
 a - a +0 animal skin (worn)
Scrolls
 b - a scroll of brand weapon {unknown}
 c - a scroll of teleportation {unknown}
 e - a scroll of amnesia {unknown}
 f - a scroll of holy word {unknown}
 g - a scroll of enchant weapon {unknown}
 h - a scroll of blinking {unknown}


   Skills:
 + Level 3.5 Fighting
 - Level 1.5 Armour
 + Level 2.2 Dodging
 + Level 2.9 Unarmed Combat


You had 2 spell levels left.
You didn't know any spells.
Your spell library was empty.

Dungeon Overview and Level Annotations

Branches:
Dungeon (2/15)

Altars:


Innate Abilities, Weirdness & Mutations

You are immune to poison.
Your flesh is cold resistant. (rC+)
You are immune to negative energy. (rN+++)
You are immune to unholy pain and torment.
You are vulnerable to heat. (rF-)
You do not drink.


Message History

Unknown command.
You see here 25 stones.
You open the door.
There is an open door here.
There is an escape hatch in the ceiling here.
Unknown command.
A gnoll comes into view. It is wielding a +0 spear.
The gnoll hits you from afar with a +0 halberd!
There is an escape hatch in the ceiling here.
The gnoll barely misses you. The gnoll hits you with a +0 whip.
A mysterious force pulls you upwards. The hatch slams shut behind you.
You barely miss the gnoll. The gnoll hits you with a +0 whip.
You closely miss the gnoll. You punch the gnoll.
The gnoll is moderately wounded.
The gnoll barely misses you.
You hit the gnoll. You drain the gnoll.
The gnoll is severely wounded.
The gnoll closely misses you.
You barely miss the gnoll.
The gnoll is severely wounded.
The gnoll closely misses you.
You hit the gnoll but do no damage. You drain the gnoll.
The gnoll is almost dead.
The gnoll hits you with a +0 whip.
* * * LOW HITPOINT WARNING * * *
You hit the gnoll. You drain the gnoll.
You kill the gnoll!
Trog accepts your kill.
You start resting.
HP restored.
There is a stone staircase leading down here.
You climb downwards.
There is a stone staircase leading up here.
The gnoll hits you from afar with a +0 halberd!
The gnoll barely misses you.
You barely miss the gnoll. The gnoll hits you with a +0 halberd!
* * * LOW HITPOINT WARNING * * *
You closely miss the gnoll. The gnoll barely misses you.
You barely miss the gnoll. The gnoll hits you with a +0 halberd.
You die...

#####....#.####
#......#......#
#......#......#
#....#.#......#
#....#..g.....#
##.####..#'#### #.
#..#.# #.
##(#.#####
#...g@..#
#.<.###.##
#...#<...#
#...####.# #...#
#.# ##..#.#.#
#.###
.......>####...###
#####.P#.)...≈...#
#..#P.P..P!..#


You could see a gnoll.

Vanquished Creatures
  A gnoll (D:1)
  An adder (D:2)
  4 endoplasms
  2 giant cockroaches (D:2)
  A goblin (D:1)
  A hobgoblin (D:1)
  3 jackals (D:1)
  2 kobolds (D:2)
  A quokka (D:2)
  A ball python (D:2)
  A bat (D:1)
  2 rats (D:1)
20 creatures vanquished.

Vanquished Creatures (others)
  4 plants (D:2)
4 creatures vanquished.

Grand Total: 24 creatures vanquished

Notes
Turn   | Place    | Note
-------+----------+-------------------------------------------
     0 | D:1      | Gabide the Mummy Berserker began the quest for the Orb.
     0 | D:1      | Reached XP level 1. HP: 18/18 MP: 1/1
   528 | D:1      | Reached XP level 2. HP: 24/24 MP: 2/2
   636 | D:2      | Found a faded altar of an unknown god.
   984 | D:2      | Reached XP level 3. HP: 26/29 MP: 3/3
  1442 | D:2      | Slain by a gnoll

Illustrated notes

Levels and vault maps discovered:
D:1:      heliophobic_arrival_enchanted_forest, layout_rooms,
          minmay_misc_feat_four_crosses
D:2:      layout_basic, shapermc_ecumenical_altar_mp_ritualfount,
          nicolae_grassy_gnolls

Skill      XL: |  1  2 |
---------------+-------+-----
Dodging        | 2 |  2.2
Fighting       | |  3.5
Armour         | |  1.5
Unarmed Combat | |  2.9

Action                   || total
-------------------------++-------
Melee: Unarmed           ||    17
       Dagger            ||    60
       Punch             ||     1
 Stab: Sleeping          ||     1
Armor: Animal skin       ||    17
Dodge: Dodged            ||    41
